 Dungeon Crawl Stone Soup version 0.27.1-33-g824d729ab1 (webtiles) character file.

Game seed: 797311449597384195

649 Atelerd the Magician (level 7, -1/41 HPs)
             Began as an Octopode Venom Mage on Dec 31, 2021.
             Slain by an orc warrior (14 damage)
             ... on level 9 of the Dungeon.
             The game lasted 00:06:36 (5261 turns).

Atelerd the Magician (Octopode Venom Mage)          Turns: 5261, Time: 00:06:37

Health: -1/41      AC:  1    Str:  8    XL:     7   Next: 53%
Magic:  11/15      EV: 13    Int: 25    God:
Gold:   160        SH:  0    Dex: 12    Spells: 9/17 levels left

rFire    . . .     SeeInvis .   m - +2 dagger (venom)
rCold    . . .     Faith    .   (no shield)
rNeg     . . .     Spirit   .   (helmet restricted)
rPois    .         Reflect  .   p - amulet of the acrobat
rElec    .         Harm     .   j - +6 ring of intelligence
rCorr    .         Rampage  .   (no ring)
Will     .....                  (no ring)
Stlth    ++++......             (no ring)
HPRegen  0.13/turn              (no ring)
MPRegen  0.14/turn              (no ring)
                                (no ring)
                                (no ring)

@: no status effects
A: almost no armour, amphibious, 8 rings, camouflage 1, gelatinous body 1,
(nimble swimmer 1), tentacles
a: no special abilities


You were on level 9 of the Dungeon.
You visited 1 branch of the dungeon, and saw 7 of its levels.

You collected 160 gold pieces.

Inventory:

Hand Weapons
 g - a +0 long sword
 l - a +1 dagger of protection
 m - a +2 dagger of venom (weapon)
Jewellery
 f - an amulet of reflection
 j - a +6 ring of intelligence (left tentacle)
 p - an amulet of the acrobat (around mantle)
 u - an amulet of magic regeneration
Scrolls
 b - 2 scrolls of noise {unknown}
 d - 4 scrolls of teleportation {unknown}
 o - a scroll of amnesia {unknown}
 q - a scroll of enchant armour {unknown}
 r - 2 scrolls of identify {unknown}
 s - a scroll of enchant weapon {unknown}
 v - a scroll of holy word {unknown}
Potions
 a - 3 potions of lignification {unknown}
 c - a potion of experience {unknown}
 e - a potion of berserk rage {unknown}
 h - 2 potions of curing
 i - a potion of might {unknown}
 k - a potion of heal wounds {unknown}
 n - a potion of degeneration {unknown}
 t - 2 potions of cancellation {unknown}


   Skills:
 - Level 2.0 Dodging
 - Level 5.0 Stealth
 + Level 5.9 Spellcasting
 - Level 3.0 Transmutations
 - Level 5.0 Poison Magic


You had 9 spell levels left.
You knew the following spells:

 Your Spells              Type           Power      Damage    Failure   Level
a - Sting                 Tmut/Pois      100%       1d8       1%          1
b - Mephitic Cloud        Conj/Pois/Air  15%        N/A       12%         3
o - Olgreb's Toxic Radia  Pois           32%        N/A       10%         4

Your spell library contained the following spells:

 Spells                   Type           Power      Damage    Failure   Level
 Poisonous Vapours        Pois/Air       38%        N/A       4%          2
 Dazzling Flash           Conj/Hex       14%        N/A       22%         3
 Summon Lightning Spire   Summ/Air       7%         N/A       58%         4
 Agony                    Necr           7%         N/A       91%         5
 Silence                  Hex/Air        3%         N/A       91%         5
 Storm Form               Tmut/Air       7%         N/A       100%        7
 Maxwell's Capacitive Co  Air            3%         ∞         100%        8


Dungeon Overview and Level Annotations

Branches:
Dungeon (9/15)
 Temple: D:4-7         Lair: D:8-11         Orc: D:9-12

Altars:
Ru

Annotations:
D:1 exclusion: downstairs
D:2 exclusion: downstairs, Ijyb


Innate Abilities, Weirdness & Mutations

You cannot wear most types of armour.
You are amphibious.
You can wear up to eight rings at the same time.
Your skin changes colour to match your surroundings (Stealth+).
Your rubbery body absorbs attacks. (AC +1, EV +1)
((You are camouflaged near water. (Stealth+)))
You have tentacles for arms and can constrict up to eight enemies at once.


Message History

Confirm with . or Enter, or press ? or * to list all spells.
Aiming: Mephitic Cloud (dangerous; 12% risk of failure)
Press: ? - help, Shift-Dir - straight line, f/p - orc warrior
Aim: an orc warrior, wielding a +0 glaive and wearing a +0 chain mail (lightly wounded, chance to affect: 81%)
The ball explodes into a vile cloud!
The stinking cloud engulfs the orc warrior but does no damage.
The orc warrior is lightly wounded.
The orc warrior is engulfed in noxious fumes.
The orc warrior appears confused.
Unknown command.
The orc warrior is engulfed in noxious fumes.
The orc warrior appears confused.
The orc warrior hits something with a +0 glaive!
Reactivating autopickup.
You feel a bit more experienced.
The orc warrior is engulfed in noxious fumes.
The orc warrior appears confused.
The orc warrior completely misses you.
You hit the orc warrior but do no damage.
The orc warrior is poisoned.
You grab the orc warrior.
You squeeze the orc warrior, but do no damage.
The orc warrior is lightly wounded.
You constrict the orc warrior, but do no damage.
The orc warrior is engulfed in noxious fumes.
The orc warrior hits you with a +0 glaive!
* * * LOW HITPOINT WARNING * * *
You hit the orc warrior but do no damage.
The orc warrior is moderately wounded.
You constrict the orc warrior. The orc warrior barely misses you.
Unknown command.
You hit the orc warrior.
The orc warrior looks even sicker.
You squeeze the orc warrior, but do no damage.
The orc warrior is moderately wounded.
You constrict the orc warrior, but do no damage.
Unknown command.
You hit the orc warrior.
The orc warrior looks as sick as possible!
The orc warrior is heavily wounded.
You constrict the orc warrior, but do no damage.
The orc warrior hits you with a +0 glaive!
You die...

#.........
#.....o...
#.#.....#.
#.##o.....
#o# #...#.
#o# ##o..
#{# .. #o#
# #@# #.#
#.# #.####
#..<.#
######


You could see an orc warrior (confused, extremely poisoned) and 2 orcs.

Vanquished Creatures
  A centaur (D:5)
  A bullfrog (D:8)
  A scorpion (D:4)
  A water moccasin skeleton (D:5)
  A howler monkey (D:5)
  A wight (D:8)
  Crazy Yiuf (D:4)
  An iguana (D:4)
  A scorpion zombie (D:3)
  Natasha (thrice) (D:4)
  2 orc wizards
  2 hound skeletons
  A howler monkey skeleton (D:5)
  2 adders (D:4)
  An ufetubus (D:5)
  A worm (D:2)
  A dart slug (D:4)
  4 orcs
  3 ball pythons
  4 bats
  4 endoplasms (D:1)
  A giant cockroach (D:2)
  10 goblins
  7 hobgoblins
  4 quokkas
  6 frilled lizards
  4 kobolds
  6 rats
75 creatures vanquished.

Vanquished Creatures (others)
  10 plants
10 creatures vanquished.

Grand Total: 85 creatures vanquished

Notes
Turn   | Place    | Note
-------+----------+-------------------------------------------
     0 | D:1      | Atelerd the Octopode Venom Mage began the quest for the
                  | Orb.
     0 | D:1      | Reached XP level 1. HP: 11/11 MP: 3/3
   303 | D:1      | Reached XP level 2. HP: 12/17 MP: 1/5
   404 | D:1      | Found a faded altar of an unknown god.
   897 | D:2      | Reached XP level 3. HP: 17/21 MP: 0/6
  1280 | D:2      | Learned a level 3 spell: Mephitic Cloud
  1561 | D:2      | Noticed Ijyb
  1905 | D:2      | Reached XP level 4. HP: 23/27 MP: 3/7
  2540 | D:3      | Reached XP level 5. HP: 18/31 MP: 4/9
  3153 | D:4      | Noticed Natasha
  3159 | D:4      | Killed Natasha
  3317 | D:4      | Reached XP level 6. HP: 33/36 MP: 6/10
  3409 | D:4      | Learned a level 4 spell: Olgreb's Toxic Radiance
  3456 | D:4      | Reached skill level 5 in Poison Magic
  3495 | D:4      | Found a runed translucent door.
  3496 | D:4      | Noticed Crazy Yiuf
  3603 | D:4      | Noticed Natasha
  3606 | D:4      | Reached skill level 5 in Stealth
  3615 | D:4      | Killed Natasha
  3845 | D:4      | Found a sacrificial altar of Ru.
  3952 | D:4      | Noticed Natasha
  3963 | D:4      | Killed Natasha
  4274 | D:4      | Killed Crazy Yiuf
  4514 | D:5      | Entered Level 5 of the Dungeon
  4587 | D:5      | Reached skill level 5 in Spellcasting
  4587 | D:5      | Reached XP level 7. HP: 26/41 MP: 12/14
  4849 | D:5      | You fall into a shaft and drop 3 floors!
  5261 | D:9      | Slain by an orc warrior

Illustrated notes

Levels and vault maps discovered:
D:1:      dpeg_arrival_erosion, layout_rooms, basic_ecumenical_altar
D:2:      kennysheep_the_goblin_king, layout_basic
D:3:      layout_basic
D:4:      layout_rooms, nicolae_ru_the_path_less_chosen, serial_bayou_pond_a,
          uniq_natasha, uniq_crazy_yiuf_cottage
D:5:      layout_loops_ring, lightli_temple_of_fire, serial_bayou_lagoon_b
D:8:      layout_rooms, minitemple, uniq_prince_ribbit1
D:9:      layout_loops_ring, mainiacjoe_overflow_concentric_impassable,
          serial_co_window_serial, co_window_paths_a, co_window_corner_a,
          co_window_of_opportunity_a, co_window_paths_b, co_window_paths_b,
          co_window_corner_a, co_window_paths_b, co_window_broadway_b,
          co_window_corner_cb, co_window_broadway_a, co_window_2corner,
          co_window_4corner_b, glass_columns_b, glass_columns_a,
          glass_columns_a, glass_columns_a, grunt_ogre_cave, uniq_maurice,
          uniq_gastronok, uniq_grum

Skill      XL: |  1  2  3  4  5  6 |
---------------+-------------------+-----
Stealth        | 3 4 5 |  5.0
Poison Magic   | 4 5 |  5.0
Transmutations | 2 3 |  3.0
Spellcasting   | 3 5 |  5.9
Dodging        | |  2.0

Action                   |  1- 3 |  4- 6 |  7- 9 || total
-------------------------+-------+-------+-------++-------
Melee: Unarmed           |    13 |       |       ||    13
       Constrict         |    10 |     9 |     4 ||    23
       Tentacles         |     4 |     5 |     2 ||    11
       Long sword        |     9 |       |       ||     9
       Dagger            |       |    35 |    20 ||    55
 Cast: Sting             |    61 |    60 |    18 ||   139
       Mephitic Cloud    |       |     3 |     1 ||     4
       Olgreb's Toxic Ra |       |     1 |       ||     1
  Use: Potion            |       |     1 |       ||     1
 Stab: Sleeping          |     1 |     1 |       ||     2
       Confused          |       |     1 |       ||     1
Armor: Skin              |     2 |     5 |     2 ||     9
Dodge: Dodged            |    32 |    49 |    28 ||   109
Block: Other             |    11 |     1 |       ||    12
       Reflection        |     2 |       |       ||     2
       Rpst.: Long sword |     5 |       |       ||     5
